 Dungeon Crawl Stone Soup version 0.18.0-2-g198d6d4 (webtiles) character file.

161 nikopol the Skirmisher (level 5, -2/47 HPs)
             Began as a Minotaur Berserker on May 5, 2016.
             Was a Priest of Trog.
             Slain by an orc wizard
             ... wielding a +0 dagger
              (3 damage)
             ... on level 4 of the Dungeon.
             The game lasted 00:08:47 (2795 turns).

nikopol the Skirmisher (Minotaur Berserker)         Turns: 2795, Time: 00:08:48

Health: -2/47      AC:  4    Str: 21    XL:     5   Next: 18%
Magic:  4/4        EV: 13    Int:  9    God:    Trog [***...]
Gold:   131        SH:  4    Dex: 11    Spells: 0 memorised, 4 levels left

rFire  + . .     SeeInvis .     a - +0 spear
rCold  . . .     Gourm    .     x - +0 leather armour {rF+}
rNeg   . . .     Faith    .     (no shield)
rPois  .         Spirit   .     (helmet restricted)
rElec  .         Dismiss  .     (no cloak)
rCorr  .         Reflect  +     g - +0 pair of gloves
SustAt .         Harm     .     (no boots)
MR     .....                    j - +4 amulet of reflection
Stlth  +.........               (no ring)
                                s - +5 ring of intelligence

@: not resistant to hostile enchantments, very unstealthy
A: retaliatory headbutt, horns 2
a: Berserk, Trog's Hand, Burn Spellbooks, Renounce Religion


You were on level 4 of the Dungeon.
You worshipped Trog.
Trog was most pleased with you.
You were very hungry.

You visited 1 branch of the dungeon, and saw 4 of its levels.

You collected 131 gold pieces.

Inventory:

Hand Weapons
 a - a +0 spear (weapon)
Armour
 b - a +0 animal skin
 g - a +0 pair of gloves (worn)
 n - a +0 leather armour
 x - a +0 leather armour of fire resistance (worn)
Jewellery
 j - a +4 amulet of reflection (around neck)
 s - a +5 ring of intelligence (left hand)
 y - an uncursed amulet of regeneration {unknown}
Wands
 p - a wand of lightning (8/15)
Scrolls
 k - a scroll of enchant armour {unknown}
 l - 2 scrolls of blinking {unknown}
 o - a scroll of identify {unknown}
 v - a scroll of teleportation {unknown}
Potions
 e - 3 potions of cure mutation {unknown}
 f - 2 potions of resistance {unknown}
 i - a potion of curing {unknown}
 m - 2 potions of agility {unknown}
 q - a potion of heal wounds {unknown}
 r - a potion of might {unknown}
 t - a potion of ambrosia {unknown}
 w - a potion of invisibility {unknown}
Comestibles
 c - a bread ration
 d - 7 fruits


   Skills:
 + Level 4.5 Fighting
 + Level 4.4 Polearms
 + Level 4.2 Armour
 + Level 3.7 Dodging


You had 4 spell levels left.
You didn't know any spells.

Dungeon Overview and Level Annotations

Branches:
Dungeon (4/15)
 Temple: D:4-7

Altars:
Gozag


Innate Abilities, Weirdness & Mutations

You reflexively headbutt those who attack you in melee.
You have a pair of horns on your head.


Message History

You bump into the rock wall.
An orc wizard appears from thin air!
Reactivating autopickup.
Something hits you.
* * * LOW HITPOINT WARNING * * *
Deactivating autopickup; reactivate with Ctrl-A.
The orc wizard misses you.
You bump into the rock wall.
Something barely misses you. The orc wizard hits you with a dagger.
* * * LOW HITPOINT WARNING * * *
Something hits you but does no damage.
The orc wizard gestures wildly while chanting.
The orc wizard flickers and vanishes!
You're too confused!
You completely miss something. You headbutt something. Something hits you.
* * * LOW HITPOINT WARNING * * *
You hit something but do no damage.
You feel less confused. Something hits you but does no damage.
You closely miss something. Something hits you.
You die...

,,,,* *,******,,,,* *,* *, *****
*,* *,,,*..# *,* *, * *,*
*,*,,..# *,***, * *,* *,***#.#
*,,,,, ********,****,* #.# ******
,,,,,,,,,,,,#,* #.#
********,**,#.####.#
*<**,#.#?##.######
********,**,#.>.@.......# #####
,,,,,,,,,**,#.#{##)####.#####....
***********,#...)..# #.##.......
***,#...#######.##.##.###
*......<............#.# *
*.###..##.#####.##..#.# # *,*
#..**,* #.##..#.# # *,* #..**,*
*#.##..#.# # *,*
#..**,****...#..#.# #


There were no monsters in sight!

Vanquished Creatures
  An orc wizard (D:4)
  A gnoll (D:3)
  3 adders (D:2)
  A worm (D:2)
  A dart slug (D:2)
  6 giant geckos
  5 orcs
  2 giant cockroaches
  12 goblins
  8 hobgoblins
  9 jackals
  3 kobolds (D:1)
  3 quokkas (D:3)
  6 bats
  A giant gecko skeleton (D:3)
  4 giant newts
  11 rats
77 creatures vanquished.

Notes
Turn   | Place    | Note
--------------------------------------------------------------
     0 | D:1      | nikopol the Minotaur Berserker began the quest for the Orb.
     0 | D:1      | Reached XP level 1. HP: 19/19 MP: 0/0
    68 | D:1      | Reached XP level 2. HP: 22/27 MP: 1/1
   312 | D:1      | Reached ** piety under Trog
   663 | D:2      | Reached XP level 3. HP: 26/33 MP: 2/2
  1027 | D:2      | Found an opulent altar of Gozag.
  1314 | D:2      | Reached XP level 4. HP: 34/40 MP: 3/3
  2136 | D:3      | Reached *** piety under Trog
  2781 | D:4      | Reached XP level 5. HP: 12/47 MP: 4/4
  2790 | D:4      | HP: 1/47 [orc wizard/dagger (2)]
  2795 | D:4      | Slain by an orc wizard

Skill      XL: |  1  2  3  4 |
---------------+-------------+-----
Armour         | 3 4 |  4.2
Fighting       | 4 |  4.5
Polearms       | 4 |  4.4
Dodging        | 3 |  3.7

Action                   |  1- 3 |  4- 6 || total
-------------------------+-------+-------++-------
Melee: Spear             |   134 |   108 ||   242
       Headbutt          |    18 |    17 ||    35
  Use: Scroll            |       |     1 ||     1
 Stab: Sleeping          |     1 |       ||     1
  Eat: Chunk             |     1 |     4 ||     5
Armor: Animal skin       |    22 |       ||    22
       Leather armour    |       |    19 ||    19
Dodge: Dodged            |    62 |    33 ||    95
Block: Other             |       |    10 ||    10
